 Dungeon Crawl Stone Soup version 0.27.1-33-g824d729ab1 (webtiles) character file.

Game seed: 1083705607020556690

354 DenSaoPin the Cleaver (level 6, -14/51 HPs)
             Began as a Hill Orc Monk on Nov 25, 2021.
             Demolished by a small abomination (16 damage)
             ... on level 1 of the Abyss.
             The game lasted 00:08:29 (2927 turns).

DenSaoPin the Cleaver (Hill Orc Monk)               Turns: 2927, Time: 00:08:30

Health: -14/51     AC:  8    Str: 16    XL:     6   Next: 62%
Magic:  6/6        EV: 10    Int: 10    God:
Gold:   64         SH:  0    Dex: 13    Spells: 5/5 levels left

rFire    . . .     SeeInvis .   a - +0 hand axe
rCold    . . .     Faith    .   (no shield)
rNeg     . . .     Spirit   .   g - +0 scale mail
rPois    +         Reflect  .   (no helmet)
rElec    .         Harm     .   r - +0 cloak
rCorr    .         Rampage  .   (no gloves)
Will     .....                  (no boots)
Stlth    ..........             (no amulet)
HPRegen  0.17/turn              j - ring of poison resistance
MPRegen  0.10/turn              (no ring)

@: no status effects
A: no striking features
a: no special abilities


You were on level 1 of the Abyss.
You visited 1 branch of the dungeon, and saw 3 of its levels.
You visited the Abyss 1 time.

You collected 64 gold pieces.

Inventory:

Hand Weapons
 a - a +0 hand axe (weapon)
 m - a +1 vampiric dagger
 u - a +0 hand crossbow
Armour
 b - a +0 robe
 c - a +0 ring mail
 g - a +0 scale mail (worn)
 n - a +2 robe of fire resistance
 r - a +0 cloak (worn)
Jewellery
 j - a ring of poison resistance (left hand)
Scrolls
 d - 2 scrolls of teleportation {unknown}
 f - a scroll of vulnerability {unknown}
 h - 4 scrolls of enchant weapon {unknown}
 l - a scroll of noise {unknown}
 o - a scroll of enchant armour {unknown}
 p - 2 scrolls of amnesia {unknown}
 t - a scroll of brand weapon {unknown}
Potions
 e - 2 potions of flight {unknown}
 i - a potion of curing {unknown}
 k - a potion of ambrosia {unknown}
 q - a potion of heal wounds
 s - a potion of berserk rage {unknown}
 v - a potion of attraction {unknown}


   Skills:
 - Level 3.6 Fighting
 + Level 8.1 Axes
 + Level 3.8 Armour
 - Level 2.4 Dodging
 - Level 1.5 Stealth


You had 5 spell levels left.
You didn't know any spells.
Your spell library contained the following spells:

 Spells                   Type           Power      Damage    Failure   Level
 Animate Skeleton         Necr           0%         N/A       78%         1
 Pain                     Necr           0%         1d4       78%         1
 Vampiric Draining        Necr           0%         2d6       98%         3


Dungeon Overview and Level Annotations

Branches:
Dungeon (3/15)

Altars:

Shops:
D:2 ?   D:3 !


Message History

You hit the jackal.
You kill the jackal!
The orc hits you with a +2 short sword of distortion.
You hit the orc but do no damage. The orc barely misses you.
You hit the orc but do no damage.
The orc hits you with a +2 short sword of distortion.
Space bends around you.
You closely miss the orc.
The orc hits you with a +2 short sword of distortion.
You are cast into the Abyss!
To return, you must find a gate leading back.
Killing monsters will force the Abyss to allow you passage.
This branch contains the abyssal rune of Zot.
A lich comes into view.
You enter the shallow water.
Moving in this stuff is going to be slow.
Found a gateway leading deeper into the Abyss.
There is a gateway leading deeper into the Abyss here.
Found a hunting sling.
A swamp dragon skeleton comes into view.
A large abomination comes into view.
A small abomination comes into view.
You hit the small abomination.
The small abomination is lightly damaged.
The small abomination hits you.
You barely miss the small abomination.
The small abomination is lightly damaged.
The small abomination hits you.
You hit the small abomination but do no damage.
The small abomination is lightly damaged.
The small abomination hits you but does no damage.
You hit the small abomination but do no damage.
The small abomination is lightly damaged.
The small abomination closely misses you.
The small abomination hits you. The large abomination hits you!!!
Ouch! That really hurt!
* * * LOW HITPOINT WARNING * * *
The small abomination hits you!
You die...

. .# #. .## .#.X
#.. ##.#...# ..
#######...# .# #.
###.#....##.###.#.#
... .. #. ##...#..#
#####..#...###.X@.#
#.###.Z.##.x###
##....#.##.#.# # .
.#..Z..#.# #
##.#.....## .. ..
#.#..##.#. ###
#...#.# #.#.# #.
.##. ..##.. . #.#
.... ...#.. #..


You could see a large abomination, a small abomination and a swamp dragon
skeleton.

Vanquished Creatures
  Sigmund (D:2)
  A centaur (D:3)
  Jessica (D:2)
  4 adders (D:2)
  2 dart slugs
  An orc (D:3)
  5 ball pythons
  5 endoplasms
  2 giant cockroaches (D:1)
  3 goblins
  4 hobgoblins
  8 jackals
  9 bats
  2 frilled lizards
  A kobold (D:1)
  4 rats
53 creatures vanquished.

Vanquished Creatures (others)
  2 fungi (D:1)
  4 plants (D:1)
6 creatures vanquished.

Grand Total: 59 creatures vanquished

Notes
Turn   | Place    | Note
-------+----------+-------------------------------------------
     0 | D:1      | DenSaoPin the Hill Orc Monk began the quest for the Orb.
     0 | D:1      | Reached XP level 1. HP: 19/19 MP: 1/1
   216 | D:1      | Reached XP level 2. HP: 23/26 MP: 2/2
   337 | D:1      | Found a faded altar of an unknown god.
   374 | D:1      | Reached skill level 5 in Axes
   741 | D:1      | Reached XP level 3. HP: 31/31 MP: 3/3
  1056 | D:2      | Found Wuttali's Magic Scroll Shoppe.
  1097 | D:2      | Noticed Jessica
  1117 | D:2      | Killed Jessica
  1118 | D:2      | Reached skill level 6 in Axes
  1118 | D:2      | Reached XP level 4. HP: 25/39 MP: 4/4
  1394 | D:2      | Noticed Sigmund
  1535 | D:2      | Killed Sigmund
  1536 | D:2      | Reached skill level 7 in Axes
  1536 | D:2      | Reached XP level 5. HP: 29/45 MP: 5/5
  1536 | D:2      | Reached XP level 6. HP: 33/51 MP: 6/6
  2425 | D:3      | Reached skill level 8 in Axes
  2737 | D:3      | Found Rosochue's Distillery.
  2840 | D:3      | Cast into level 1 of the Abyss (orc)
  2863 | Abyss:1  | Noticed a lich
  2914 | Abyss:1  | Noticed a large abomination
  2927 | Abyss:1  | HP: 2/51 [large abomination (36)]
  2927 | Abyss:1  | Demolished by a small abomination

Illustrated notes

Levels and vault maps discovered:
D:1:      lightli_arrival_statue_moat, layout_loops_ring,
          shapermc_ecumenical_altar_mp_urbaneastern
D:2:      layout_basic, serial_shops, shop, uniq_jessica, uniq_sigmund
D:3:      layout_basic, serial_shops, shop, minivault_19,
          guppyfry_early_orc_mine
Abyss:1:  base:
D:3

Skill      XL: |  1  2  3  4  5  6 |
---------------+-------------------+-----
Axes           | 5 6 7 8 |  8.1
Armour         | 3 |  3.8
Fighting       | |  3.6
Dodging        | |  2.4
Stealth        | |  1.5

Action                   |  1- 3 |  4- 6 || total
-------------------------+-------+-------++-------
Melee: Hand axe          |    86 |   110 ||   196
  Use: Potion            |       |     1 ||     1
 Stab: Sleeping          |     1 |       ||     1
Armor: Robe              |     2 |       ||     2
       Scale mail        |    16 |    49 ||    65
       Ring mail         |     3 |       ||     3
Dodge: Dodged            |    51 |    58 ||   109
